 Dungeon Crawl Stone Soup version 0.28.0-49-g6dfe1f597d (webtiles) character file.

Game seed: 4439580714867295148

1 Exodus22XD the Skirmisher (level 1, 19/20 HPs)
             Began as a Minotaur Fighter on May 14, 2022.
             Was a Follower of Vehumet.
             Quit the game on level 1 of the Dungeon.
             The game lasted 00:00:14 (37 turns).

Exodus22XD the Skirmisher (Minotaur Fighter)          Turns: 37, Time: 00:00:14

Health: 19/20      AC:  6    Str: 20    XL:     1   Next: 16%
Magic:  0/0        EV:  9    Int:  5    God:    Vehumet [*.....]
Gold:   3          SH:  4    Dex:  9    Spells: 0/0 levels left

rFire   . . .      SeeInvis .   a - +0 war axe
rCold   . . .      Faith    .   c - +0 buckler
rNeg    . . .      Spirit   .   b - +0 scale mail
rPois   .          Reflect  .   (helmet restricted)
rElec   .          Harm     .   (no cloak)
rCorr   .          Rampage  .   (no gloves)
Will    .....                   (no boots)
Stlth   ..........              (no amulet)
HPRegen 0.06/turn               (no ring)
MPRegen 0.07/turn               (no ring)

@: no status effects
A: horns 2, retaliatory headbutt
a: Renounce Religion


You were on level 1 of the Dungeon.
You worshipped Vehumet.
Vehumet was aware of your devotion.
You visited 1 branch of the dungeon, and saw 1 of its levels.

You collected 3 gold pieces.

Inventory:

Hand Weapons
 a - a +0 war axe (weapon)
Armour
 b - a +0 scale mail (worn)
 c - a +0 buckler (worn)
Potions
 d - a potion of might


   Skills:
 + Level 3.7 Fighting
 + Level 2.4 Axes
 + Level 3.6 Armour
 + Level 3.6 Shields


You couldn't memorise any spells.
You didn't know any spells.
Your spell library was empty.

Dungeon Overview and Level Annotations

Branches:
Dungeon (1/15)

Altars:
Vehumet


Innate Abilities, Weirdness & Mutations

You have a pair of horns on your head.
You reflexively headbutt those who attack you in melee.


Message History

You barely miss the rat. The rat bites you but does no damage.
You hit the rat. You headbutt the rat.
You kill the rat!
No target in view!
No target in view!
You now have 3 gold pieces.
A bat comes into view.
You miss the bat. You headbutt the bat.
The bat is severely wounded.
The bat hits you but does no damage.
You miss the bat.
The bat is severely wounded.
The bat barely misses you. The bat hits you but does no damage.
The bat hits you but does no damage.
Found 6 gold pieces.
The bat hits you but does no damage. You block the bat's attack.
The bat hits you but does no damage.
You barely miss the bat. Your headbutt misses the bat.
The bat is severely wounded.
The bat hits you but does no damage. You block the bat's attack.
You barely miss the bat.
The bat is severely wounded.
The bat closely misses you.
You barely miss the bat.
The bat is severely wounded.
You block the bat's attack. The bat barely misses you.
You closely miss the bat. Your headbutt misses the bat.
The bat is severely wounded.
The bat closely misses you. The bat hits you.
You slash the bat!
You kill the bat!
No target in view!
There is a faded altar of an unknown god here.
You cannot tell which god this altar belongs to.
Convert to them anyway?
Vehumet accepts your prayer! Vehumet welcomes you!
You can now gain magical power from killing.
Vehumet offers you knowledge of Freeze.
Are you sure you want to abandon this character and quit the game? (Confirm with "yes".)

........ .. #####...#.#
.# ##≈≈≈##..#.# ##†#
##≈≈P≈≈##...# #..# #
#≈≈≈.≈≈≈##..###.#####..
≈≈P.8.P≈≈##.#...##....#
≈≈.....≈≈##........#
≈.......≈8..#......#
.P8.<.8P.'.##...@..#
≈.......≈8.#...8.8.##
≈≈.....≈≈#..........#
≈≈P.8.P≈≈#.........>#
#≈≈≈.≈≈≈##..........#
##≈≈P≈≈##.........).#
##≈≈≈##..#.........#
#####.............#
.............#


There were no monsters in sight!

Vanquished Creatures
  A bat (D:1)
  A rat (D:1)
2 creatures vanquished.

Notes
Turn   | Place    | Note
-------+----------+-------------------------------------------
     0 | D:1      | Exodus22XD the Minotaur Fighter began the quest for the
                  | Orb.
     0 | D:1      | Reached XP level 1. HP: 19/19 MP: 0/0
     8 | D:1      | Found a faded altar of an unknown god.
    36 | D:1      | Prayed at the altar of an unknown god.
    36 | D:1      | Became a worshipper of Vehumet
    36 | D:1      | Reached * piety under Vehumet
    36 | D:1      | Offered knowledge of Freeze by Vehumet.
    37 | D:1      | Quit the game

Illustrated notes

Levels and vault maps discovered:
D:1:      lightli_arrival_statuegarden, layout_rooms,
          dreamdust_ecumenical_altar_statues, roderic_roman_lattice

Action                   || total
-------------------------++-------
Melee: War axe           ||     9
       Headbutt          ||     2
Armor: Scale mail        ||     7
Dodge: Dodged            ||     4
Block: Buckler           ||     3
